 Dungeon Crawl Stone Soup version 0.30.1-1-g62c8e00024 (webtiles) character file.

Game seed: 10778717701042737531

3356 cheesebisquit the Cleaver (level 10, 0/65 (72) HPs)
             Began as a Hill Orc Monk on July 17, 2023.
             Was a Priest of Beogh.
             Slain by a lich (6 damage)
             ... on level 1 of the Abyss.
             The game lasted 00:24:50 (8528 turns).

cheesebisquit the Cleaver (Hill Orc Monk)           Turns: 8528, Time: 00:24:50

HP:   0/65 (72)     AC: 19    Str: 14 (15) XL:     10   Next: 3%
MP:   2/7           EV:  8    Int:  5 (6)  God:    Beogh [***...]
Gold: 763           SH:  8    Dex:  9      Spells: 9/9 levels left

rFire   . . .        (no weapon)
rCold   . . .        q - +0 kite shield
rNeg    + . .        o - +1 plate armour "Jiyprenkoi" {rN+}
rPois   .            B - +0 helmet
rElec   .            l - +1 cloak
rCorr   .            u - +0 pair of gloves
SInv    .            (no boots)
Will    +....        (no amulet) Stlth
                     h - ring of willpower
HPRegen 0.00/turn    k - +5 ring of evasion
MPRegen 0.10/turn

%: random rage (9%)
@: on berserk cooldown, sick, slowed, drained, unable to read, unable to drink,
very slow
A: [berserk 2], [clumsy 2], [deterioration 2], [dopey 2], [frail 2], [low MP 3],
[weak 2], [no potion heal 2], [subdued magic 2], [inability to drink after
injury 2], [inability to read after injury 2]
a: Renounce Religion, Smiting


You were on level 1 of the Abyss.
You worshipped Beogh.
Beogh was most pleased with you.
You visited 2 branches of the dungeon, and saw 7 of its levels.
You visited the Abyss 1 time.

You collected 763 gold pieces.

Inventory:

Hand Weapons
 e - a +1 morningstar
 p - a +2 war axe
Missiles
 c - 2 atropa-tipped darts
 d - 9 boomerangs
 y - 4 silver javelins
 I - 9 poisoned darts (quivered)
Armour
 l - a +1 cloak (worn)
 o - the +1 plate armour "Jiyprenkoi" (worn) {rN+}
   (You acquired it on level 5 of the Dungeon)

   rN:        It protects you from negative energy.
 q - a +0 kite shield (worn)
 u - a +0 pair of gloves (worn)
 B - a +0 helmet (worn)
Jewellery
 a - a ring of protection from cold
 h - a ring of willpower (left hand)
 j - a +6 ring of dexterity
 k - a +5 ring of evasion (right hand)
 n - a ring of see invisible
 E - a ring of protection from fire
Wands
 G - a wand of roots (13)
Scrolls
 g - 2 scrolls of poison
 r - a scroll of vulnerability
Potions
 f - 2 potions of curing
 i - 2 potions of mutation
 m - a potion of attraction
 s - a potion of heal wounds
 v - 2 potions of brilliance
 A - a potion of magic {unknown}
 D - 2 potions of lignification


   Skills:
 + Level 8.7 Fighting
 * Level 12.6 Axes
 + Level 7.0 Armour
 - Level 2.4 Dodging
 * Level 4.7 Shields


You had 9 spell levels left.
You didn't know any spells.
Your spell library contained the following spells:

 Spells                   Type           Power      Damage    Failure   Level
 Kiss of Death            Conj/Necr      0%         2d5       100%        1
 Necrotise                Necr           0%         1d4       100%        1
 Sting                    Tmut/Pois      0%         1d3       100%        1
 Poisonous Vapours        Pois/Air       0%         N/A       100%        2
 Confusing Touch          Hex            0%         N/A       100%        3
 Vampiric Draining        Necr           0%         2d6       100%        3
 Dispel Undead            Necr           0%         3d6       100%        4
 Olgreb's Toxic Radiance  Pois           0%         N/A       100%        4
 Agony                    Necr           0%         N/A       100%        5
 Chain Lightning          Conj/Air       0%         N/A       100%        9
 Fire Storm               Conj/Fire      0%         5d1       100%        9
 Shatter                  Erth           0%         3d5*      100%        9


Dungeon Overview and Level Annotations

Branches:
Dungeon (6/15)             Temple (1/1) D:5

Altars:
Ashenzari
Cheibriados
Elyvilon
Kikubaaqudgha
Makhleb
Nemelex Xobeh
Okawaru
Qazlal
Ru
Sif Muna
Trog
Uskayaw
Vehumet
Wu Jian
Xom
Yredelemnul
The Shining One

Annotations:
D:4 1 runed translucent door


Innate Abilities, Weirdness & Mutations

[You have an uncontrollable temper.]
[You are very clumsy. (Dex -4)]
[Your body often deteriorates upon taking damage.]
[You are very dopey. (Int -4)]
[You are very frail. (-20% HP)]
[Your magical capacity is extremely low. (-30% MP)]
[You are very weak. (Str -4)]
[Potions cannot restore your health.]
[Your spells are easier to cast, but less powerful.]
[You sometimes lose the ability to drink potions when taking damage.]
[You sometimes lose the ability to read scrolls when taking damage.]


Message History

Something touches you but does no damage.
Aiming: Smiting
Press: ? - help, Dir - move target You smite something!
You hear some strange, mumbled words.
You feel as though you will be slow longer.
Something touches you but does no damage. x2
Okay, then.
Something touches you but does no damage. x2
You cannot read scrolls in your current state!
Unknown command.
You cannot drink potions in your current state!
The wretched star pulses with an eldritch light!
You feel stupid. x2
You feel ill.
Something touches you but does no damage.
A lich appears from thin air!
Reactivating autopickup.
The lich barely misses you.
The chaos spawn squeals angrily.
The lich touches you but does no damage.
The wretched star pulses with an eldritch light!
Your connection to magic feels subdued.
Your connection to magic feels more subdued.
The lich gestures wildly while chanting.
The lich flickers and vanishes!
Deactivating autopickup; reactivate with Ctrl-A.
You feel ill.
Something conjures a glowing orb.
The wavering orb of destruction weakly hits you!
* * * LOW HITPOINT WARNING * * *
You cannot drink potions in your current state!
The wretched star glows turbulently.
You block the lance of force.
Something touches you but does no damage.
You cannot drink potions in your current state!
The wretched star pulses with an eldritch light!
You feel frail. x2
A starcursed mass splits.
Something touches you.
You die...

.#....#......#...#
.# .X .#.X#.X..#.#
. .X# X. .X#...#
#. .X4 ##...### #
# L #.#.x...##
##..# *. #x.
#*4..# #.. . ##X##
#...## .#.
..#..#####..#.# .
# #### #.##@## ##
.. #...## . .. ..
#...# ...#.. ####
# . ... # . .....
... .. .# ##. #


You could see 2 starcursed masses, a wretched star, an ancient zyme and a chaos
spawn.

Vanquished Creatures
  A worldbinder (Abyss:1)
  A gargoyle (D:6)
  Grinder (D:6)
  A sky beast (D:6)
  2 black bears
  3 ogres
  4 phantoms
  A bullfrog (D:5)
  5 gnoll sergeants
  A scorpion (D:3)
  A jelly (D:5)
  3 gnoll boudas (D:6)
  2 orc priests
  Crazy Yiuf (D:3)
  9 hounds
  A sleepcap (D:5)
  7 iguanas
  Terence (D:2)
  Natasha (thrice) (D:3)
  4 orc wizards
  28 gnolls
  5 adders
  2 white imps
  An ufetubus (D:4)
  A worm (D:2)
  A dart slug (D:1)
  10 orcs
  6 ball pythons
  3 bats
  10 endoplasms
  3 giant cockroaches
  7 goblins
  3 hobgoblins
  4 jackals (D:6)
  A quokka (D:4)
  2 frilled lizards (D:2)
  5 kobolds
  A kobold skeleton (D:4)
  8 rats
153 creatures vanquished.

Vanquished Creatures (others)
  A raiju (Abyss:1)
  An orc priest (D:6)
  2 orcs (D:6)
  A quokka (D:3)
5 creatures vanquished.

Grand Total: 158 creatures vanquished

Notes
Turn   | Place    | Note
-------+----------+-------------------------------------------
     0 | D:1      | cheesebisquit the Hill Orc Monk began the quest for the
                  | Orb.
     0 | D:1      | Reached XP level 1. HP: 19/19 MP: 1/1
   213 | D:1      | Reached XP level 2. HP: 15/27 MP: 2/2
   606 | D:1      | Reached skill level 1 in Armour
   851 | D:2      | Reached XP level 3. HP: 33/33 MP: 3/3
  1016 | D:2      | Reached skill level 5 in Axes
  1038 | D:2      | Reached XP level 4. HP: 32/40 MP: 4/4
  1143 | D:2      | Noticed Terence
  1160 | D:2      | Killed Terence
  1979 | D:3      | Noticed a scorpion
  2009 | D:3      | Killed a scorpion
  2010 | D:3      | Reached skill level 6 in Axes
  2010 | D:3      | Reached XP level 5. HP: 34/47 MP: 5/5
  2349 | D:3      | Noticed Natasha
  2354 | D:3      | Killed Natasha
  2425 | D:3      | Found a sacrificial altar of Ru.
  2438 | D:3      | Reached skill level 5 in Fighting
  2438 | D:3      | Reached XP level 6. HP: 38/56 MP: 6/6
  2448 | D:3      | Became a worshipper of Beogh the Brigand
  2448 | D:3      | Reached * piety under Beogh
  2448 | D:3      | Reached ** piety under Beogh
  2674 | D:3      | Found a runed translucent door.
  2675 | D:3      | Noticed Crazy Yiuf
  2690 | D:3      | Found an ornate altar of the Wu Jian Council.
  3153 | D:3      | Noticed Natasha
  3159 | D:3      | Killed Natasha
  3253 | D:3      | Noticed Natasha
  3262 | D:3      | Killed Natasha
  3263 | D:3      | Reached skill level 7 in Axes
  3297 | D:3      | Killed Crazy Yiuf
  3738 | D:4      | Found a runed translucent door.
  3739 | D:4      | Noticed a human
  3742 | D:4      | Found a basalt altar of Yredelemnul.
  3902 | D:4      | Found a snail-covered altar of Cheibriados.
  3902 | D:4      | Found a radiant altar of Vehumet.
  3902 | D:4      | Found an iron altar of Okawaru.
  3902 | D:4      | Found a shimmering blue altar of Sif Muna.
  4033 | D:4      | Reached XP level 7. HP: 59/61 MP: 7/7
  4516 | D:5      | Entered Level 5 of the Dungeon
  4534 | D:5      | Reached skill level 8 in Axes
  4938 | D:5      | Reached skill level 9 in Axes
  4938 | D:5      | Reached XP level 8. HP: 71/71 MP: 8/8
  5036 | D:5      | Found a staircase to the Ecumenical Temple.
  5042 | Temple   | Entered the Ecumenical Temple
  5742 | D:6      | Reached skill level 5 in Armour
  5785 | D:5      | Reached skill level 10 in Axes
  5800 | D:6      | Reached *** piety under Beogh
  6242 | D:5      | Identified 2 scrolls of acquirement
  6242 | D:5      | Acquired 507 gold pieces
  6244 | D:5      | Acquired the +1 plate armour "Jiyprenkoi" {rN+}
  6882 | D:5      | Found a staircase to the Ecumenical Temple.
  7002 | D:6      | Reached skill level 11 in Axes
  7100 | D:6      | Reached XP level 9. HP: 39/79 MP: 9/9
  7696 | D:6      | Reached skill level 1 in Shields
  7739 | D:6      | Noticed a gargoyle
  7830 | D:6      | Killed a gargoyle
  8015 | D:6      | Reached **** piety under Beogh
  8058 | D:6      | Reached skill level 12 in Axes
  8165 | D:6      | Noticed Grinder
  8169 | D:6      | Paralysed by Grinder for 2 turns
  8177 | D:6      | Paralysed by Grinder for 5 turns
  8185 | D:6      | Killed Grinder
  8367 | Abyss:1  | Cast into level 1 of the Abyss (gnoll sergeant)
  8384 | Abyss:1  | Noticed a bone dragon
  8438 | Abyss:1  | Noticed a great orb of eyes
  8439 | Abyss:1  | Noticed a worldbinder
  8440 | Abyss:1  | Noticed an ancient zyme
  8453 | Abyss:1  | Noticed a deep elf pyromancer
  8453 | Abyss:1  | Noticed a deep elf pyromancer
  8461 | Abyss:1  | Noticed a deep elf knight
  8461 | Abyss:1  | Noticed a deep elf zephyrmancer
  8461 | Abyss:1  | Noticed a wretched star
  8461 | Abyss:1  | Noticed a deep elf pyromancer
  8468 | Abyss:1  | Noticed a deep elf pyromancer
  8469 | Abyss:1  | Noticed a deep elf knight
  8476 | Abyss:1  | Noticed a smoke demon
  8487 | Abyss:1  | Noticed a deep elf pyromancer
  8488 | Abyss:1  | Noticed a deep elf zephyrmancer
  8488 | Abyss:1  | Killed a worldbinder
  8489 | Abyss:1  | Reached XP level 10. HP: 90/90 MP: 8/10
  8492 | Abyss:1  | Noticed a lich
  8494 | Abyss:1  | Noticed a starcursed mass
  8528 | Abyss:1  | Slain by a lich

Illustrated notes

Levels and vault maps discovered:
D:1:      heliophobic_arrival_ceremonial_halls, layout_loops_ring
D:2:      layout_basic, nrook_uturn, minmay_ruptured, uniq_terence
D:3:      layout_basic, mainiacjoe_overflow_surrounded_room,
          nicolae_wu_jian_glorious_leap, uniq_natasha, uniq_crazy_yiuf_cottage
D:4:      layout_basic, dk_yredelemnul_ordeal, grunt_temple_overflow_cloverleaf,
          small_statue_intersection
D:5:      layout_loops_ring, temple_green
D:6:      minmay_chambers_of_fours, layout_cave_pools, serial_gnoll_camp,
          gnoll_camp_medium_02, gnoll_camp_mini_basic,
          gnoll_camp_mini_loothouse, gnoll_camp_huts_basic, gnoll_camp_mini_hut,
          chequers_serial_rivers_large_b, uniq_grinder
Temple:   nicolae_temple_two_arcs
Abyss:1:  base:
D:3

Skill      XL: |  1  2  3  4  5  6  7  8  9 10 |
---------------+-------------------------------+-----
Armour         | 1 2 3 4 5 6 7 |  7.0
Fighting       | 4 5 6 7 8 |  8.7
Axes           | 5 6 7 9 11 12 | 12.6
Shields        | 4 |  4.7
Dodging        | |  2.4

Action                     |  1- 3 |  4- 6 |  7- 9 | 10-12 || total
---------------------------+-------+-------+-------+-------++-------
  Melee: Hand axe          |    71 |   205 |   392 |       ||   668
         War axe           |       |       |   134 |       ||   134
         Unarmed           |       |       |       |    15 ||    15
  Throw: Throwing net      |       |     1 |     1 |       ||     2
         Dart              |       |       |    35 |       ||    35
 Invoke: Convert to Beogh  |       |     1 |       |       ||     1
         Recall Orcish Fol |       |       |     1 |       ||     1
         Smiting           |       |       |       |     3 ||     3
    Use: Potion            |     2 |       |     5 |     2 ||     9
         Scroll            |       |     7 |    14 |       ||    21
 Armour: Leather armour    |    15 |     2 |       |       ||    17
         Scale mail        |       |    49 |    73 |       ||   122
         Plate armour      |       |       |   113 |    13 ||   126
         Skin              |       |       |       |    10 ||    10
  Dodge: Dodged            |    52 |   126 |   262 |     2 ||   442
  Block: Kite shield       |       |       |    35 |     4 ||    39
